Workbook
Name Hidden_13: Hidden_1!$A$1:$A$11
Name Hidden_211: Hidden_2!$A$1:$A$2
Name Hidden_28: [1]Hidden_2!$A$1:$A$2
Name Hidden_312: Hidden_3!$A$1:$A$2
Name Hidden_414: Hidden_4!$A$1:$A$2

Sheet Reporte de Formatos
A1: 56157
A2: TÍTULO | D2: NOMBRE CORTO | G2: DESCRIPCIÓN
A3: Gastos por concepto de viáticos y representación | D3: LTAIPSLP84XIV | G3: La información sobre los gastos erogados y asignados a los Servicios de Traslado y Viáticos así como los gastos de representación. Además se difundirá la información relativa a estos conceptos respecto de los integrantes, miembros y/o toda persona que desempeñe un empleo, cargo o comisión en los sujetos obligados o ejerza actos de autoridad en los mismos, incluso cuando estas comisiones oficiales no supongan el ejercicio de recursos económicos.
A4: 1 | B4: 4 | C4: 4 | D4: 9 | E4: 1 | F4: 2 | G4: 2 | H4: 2 | I4: 1 | J4: 1 | K4: 1 | L4: 9 | M4: 9 | N4: 1 | O4: 9 | P4: 3 | Q4: 6 | R4: 1 | S4: 1 | T4: 1 | U4: 1 | V4: 1 | W4: 1 | X4: 2 | Y4: 4 | Z4: 4 | AA4: 10 | AB4: 6 | AC4: 6 | AD4: 4 | AE4: 7 | AF4: 10 | AG4: 7 | AH4: 2 | AI4: 13 | AJ4: 14
A5: 549559 | B5: 549582 | C5: 549583 | D5: 571588 | E5: 549578 | F5: 549566 | G5: 549567 | H5: 549584 | I5: 549556 | J5: 549557 | K5: 549558 | L5: 571589 | M5: 549581 | N5: 549563 | O5: 549588 | P5: 549569 | Q5: 549573 | R5: 549564 | S5: 549565 | T5: 549585 | U5: 549560 | V5: 549561 | W5: 549562 | X5: 549568 | Y5: 549571 | Z5: 549572 | AA5: 549575 | AB5: 549589 | AC5: 549590 | AD5: 549586 | AE5: 549574 | AF5: 549576 | AG5: 549587 | AH5: 549580 | AI5: 549555 | AJ5: 549579
A6: Tabla Campos
A7: Ejercicio | B7: Fecha de inicio del periodo que se informa | C7: Fecha de término del periodo que se informa | D7: ESTE CRITERIO APLICA A PARTIR DEL 01/04/2023 -> Tipo de integrante del sujeto obligado (catálogo) | E7: Clave o nivel del puesto | F7: Denominación del puesto (Redactados con perspectiva de género) | G7: Denominación del cargo | H7: Área de adscripción | I7: Nombre(s) | J7: Primer apellido | K7: Segundo apellido | L7: ESTE CRITERIO APLICA A PARTIR DEL 01/04/2023 -> Sexo (catálogo) | M7: Tipo de gasto (Catálogo) | N7: Denominación del encargo o comisión | O7: Tipo de viaje (catálogo) | P7: Número de personas acompañantes en el encargo o comisión | Q7: Importe ejercido por el total de acompañantes | R7: País origen del encargo o comisión | S7: Estado origen del encargo o comisión | T7: Ciudad origen del encargo o comisión | U7: País destino del encargo o comisión | V7: Estado destino del encargo o comisión | W7: Ciudad destino del encargo o comisión | X7: Motivo del encargo o comisión | Y7: Fecha de salida del encargo o comisión | Z7: Fecha de regreso del encargo o comisión | AA7: Importe ejercido por partida por concepto Tabla_549575 | AB7: Importe total erogado con motivo del encargo o comisión | AC7: Importe total de gastos no erogados derivados del encargo o comisión | AD7: Fecha de entrega del informe de la comisión o encargo | AE7: Hipervínculo al informe de la comisión o encargo encomendado | AF7: Hipervínculo a las facturas o comprobantes Tabla_549576 | AG7: Hipervínculo a normativa que regula los gastos por concepto de viáticos y gastos de representación | AH7: Área(s) responsable(s) que genera(n), posee(n), publica(n) y actualizan la información | AI7: Fecha de actualización | AJ7: Nota
A8: 2026 | B8: 46204 | C8: 46234 | D8: Funcionario [a] | E8: 4138 | F8: DIRECTOR 'A' | G8: DIRECTOR 'A' | H8: OFICINA COMUNICACION SOCIAL | I8: EDUARDO | J8: MARCELEÑO | K8: ALONSO | L8: Hombre | M8: Viáticos | N8: Foro "Alcaldes hablando con Alcaldes" | O8: Nacional | P8: 0 | Q8: =P8*AB8 -> 0 | R8: México | S8: San Luis Potosí | T8: San Luis Potosí | U8: México | V8: CDMX | W8: Alcaldía Miguel Hidalgo | X8: =+N8 -> Foro "Alcaldes hablando con Alcaldes" | Y8: 46148 | Z8: 46149 | AA8: 1 | AB8: =540+4979.19 -> 5519.19 | AC8: 46.84 | AD8: 46183 | AE8: http://www.cegaipslp.org.mx/HV2026.nsf/nombre_de_la_vista/CFD273835E3A620306258E4B0072B515/$File/M-14+06+EMA+INFORME.pdf | AF8: =+AA8 -> 1 | AG8: http://www.cegaipslp.org.mx/HV2025.nsf/nombre_de_la_vista/5039531BC3E5BA9806258D57006296EB/$File/GACETA++168+BASES+NORMATIVAS+24-27.pdf | AH8: Tesorería Municipal | AI8: 46240 | AJ8: Toda vez que se ha dado cumplimiento a los artículos 5, 6, 7, 11 fracciones I, II, VI, IX, XI y 13 fracciones I, II y III de la Ley General de Archivos; las versiones públicas de los archivos que corresponden a los meses de diciembre 2025 y enero 2026 estará disponibles para consulta en el mes de febrero 2026; lo anterior, derivado de la carga de trabajo generada por el cierre contable del ejercicio fiscal 2025. El importe de gastos no erogado, se observa en el hipervínculo de la Tabla 549576 en el recibo de entero (comprobante de la devolución y reembolsos del dinero al H. Ayuntamiento). El importe total erogado representa la cantidad ejercida por parte del funcionario, en la tabla 549575 se proporciona la cantidad total considerando titular del gasto y acompañantes
A9: 2026 | B9: 46204 | C9: 46234 | D9: Otro | E9: 0 | F9: Servicios profesionales por honorarios asimilados a salarios | G9: Servicios profesionales por honorarios asimilados a salarios | H9: Servicios profesionales por honorarios asimilados a salarios | I9: VICTOR MANUEL | J9: GARCIA | K9: ECHEVERRIA | L9: Hombre | M9: Viáticos | N9: FITUR 2026 | O9: Internacional | P9: 0 | Q9: 0 | R9: México | S9: San Luis Potosí | T9: San Luis Potosí | U9: España | V9: España | W9: Madrid | X9: =+N9 -> FITUR 2026 | Y9: 46037 | Z9: 46048 | AA9: 2 | AB9: 53057.52 | AC9: 0 | AD9: 46197 | AE9: http://www.cegaipslp.org.mx/HV2026.nsf/nombre_de_la_vista/74E318ACC8F3EB0306258E4B0072F496/$File/M-52+06+VMGE+INFORME.pdf | AF9: =+AA9 -> 2 | AG9: http://www.cegaipslp.org.mx/HV2025.nsf/nombre_de_la_vista/5039531BC3E5BA9806258D57006296EB/$File/GACETA++168+BASES+NORMATIVAS+24-27.pdf | AH9: Tesorería Municipal | AI9: 46240 | AJ9: Toda vez que se ha dado cumplimiento a los artículos 5, 6, 7, 11 fracciones I, II, VI, IX, XI y 13 fracciones I, II y III de la Ley General de Archivos; las versiones públicas de los archivos que corresponden a los meses de diciembre 2025 y enero 2026 estará disponibles para consulta en el mes de febrero 2026; lo anterior, derivado de la carga de trabajo generada por el cierre contable del ejercicio fiscal 2025. El importe de gastos no erogado, se observa en el hipervínculo de la Tabla 549576 en el recibo de entero (comprobante de la devolución y reembolsos del dinero al H. Ayuntamiento). El importe total erogado representa la cantidad ejercida por parte del funcionario, en la tabla 549575 se proporciona la cantidad total considerando titular del gasto y acompañantes
A10: 2026 | B10: 46204 | C10: 46234 | D10: Funcionario [a] | E10: 4138 | F10: DIRECTORA 'A' | G10: DIRECTOR 'A' | H10: DIRECCION DE TURISMO | I10: CLAUDIA LORENA | J10: PERALTA | K10: ANTIGA | L10: Mujer | M10: Viáticos | N10: Asamblea General de la Asociación Nacional de Ciudades Mexicanas de Patrimonio Mundial A.C. | O10: Nacional | P10: 0 | Q10: 0 | R10: México | S10: San Luis Potosí | T10: San Luis Potosí | U10: México | V10: Querétaro | W10: Querétaro | X10: =+N10 -> Asamblea General de la Asociación Nacional de Ciudades Mexicanas de Patrimonio Mundial A.C. | Y10: 46185 | Z10: 46185 | AA10: 3 | AB10: =868.81+647.52+402.49+2872+1455+670+407.99 -> 7323.81 | AC10: 18676.19 | AD10: 46197 | AE10: http://www.cegaipslp.org.mx/HV2026.nsf/nombre_de_la_vista/7EECD0881A9843D606258E4B00737893/$File/M-54+06+CLPA+INFORME.pdf | AF10: =+AA10 -> 3 | AG10: http://www.cegaipslp.org.mx/HV2025.nsf/nombre_de_la_vista/5039531BC3E5BA9806258D57006296EB/$File/GACETA++168+BASES+NORMATIVAS+24-27.pdf | AH10: Tesorería Municipal | AI10: 46240 | AJ10: Toda vez que se ha dado cumplimiento a los artículos 5, 6, 7, 11 fracciones I, II, VI, IX, XI y 13 fracciones I, II y III de la Ley General de Archivos; las versiones públicas de los archivos que corresponden a los meses de diciembre 2025 y enero 2026 estará disponibles para consulta en el mes de febrero 2026; lo anterior, derivado de la carga de trabajo generada por el cierre contable del ejercicio fiscal 2025. El importe de gastos no erogado, se observa en el hipervínculo de la Tabla 549576 en el recibo de entero (comprobante de la devolución y reembolsos del dinero al H. Ayuntamiento). El importe total erogado representa la cantidad ejercida por parte del funcionario, en la tabla 549575 se proporciona la cantidad total considerando titular del gasto y acompañantes
A11: 2026 | B11: 46204 | C11: 46234 | D11: Funcionario [a] | E11: 4138 | F11: DIRECTORA 'A' | G11: DIRECTOR 'A' | H11: DIRECCION DE TURISMO | I11: CLAUDIA LORENA | J11: PERALTA | K11: ANTIGA | L11: Mujer | M11: Viáticos | N11: Convenio de San Luis Potosí y Guadalajara con motivo del Mundial 2026 | O11: Nacional | P11: 1 | Q11: =P11*AB11 -> 5857.495 | R11: México | S11: San Luis Potosí | T11: San Luis Potosí | U11: México | V11: Jalisco | W11: Guadalajara | X11: =+N11 -> Convenio de San Luis Potosí y Guadalajara con motivo del Mundial 2026 | Y11: 46157 | Z11: 46158 | AA11: 4 | AB11: =(1540+177.29+144.81+764.96+802.63+698.3+800+6171+256+185+175)/2 -> 5857.495 | AC11: =29.6+5278.61 -> 5308.21 | AD11: 46189 | AE11: http://www.cegaipslp.org.mx/HV2026.nsf/nombre_de_la_vista/A0B5FAE9304200CD06258E4B007743B1/$File/M-59+06+CLPA+INFORME.pdf | AF11: =+AA11 -> 4 | AG11: http://www.cegaipslp.org.mx/HV2025.nsf/nombre_de_la_vista/5039531BC3E5BA9806258D57006296EB/$File/GACETA++168+BASES+NORMATIVAS+24-27.pdf | AH11: Tesorería Municipal | AI11: 46240 | AJ11: Toda vez que se ha dado cumplimiento a los artículos 5, 6, 7, 11 fracciones I, II, VI, IX, XI y 13 fracciones I, II y III de la Ley General de Archivos; las versiones públicas de los archivos que corresponden a los meses de diciembre 2025 y enero 2026 estará disponibles para consulta en el mes de febrero 2026; lo anterior, derivado de la carga de trabajo generada por el cierre contable del ejercicio fiscal 2025. El importe de gastos no erogado, se observa en el hipervínculo de la Tabla 549576 en el recibo de entero (comprobante de la devolución y reembolsos del dinero al H. Ayuntamiento). El importe total erogado representa la cantidad ejercida por parte del funcionario, en la tabla 549575 se proporciona la cantidad total considerando titular del gasto y acompañantes
A12: 2026 | B12: 46204 | C12: 46234 | D12: Servidor[a] público[a] eventual | E12: 4123 | F12: COORDINADORA ESPECIALIZADA 'D' | G12: COORDINADOR ESPECIALIZADO 'D' | H12: COORDINACION PSICOLOGIA Y PREVENCION | I12: MARISOL | J12: MARTINEZ | K12: TOVAR | L12: Mujer | M12: Viáticos | N12: Programa "Almas en Libertad, con el DIF de la Capital" edición 2026 | O12: Nacional | P12: 3 | Q12: =P12*AB12 -> 5182.035 | R12: México | S12: San Luis Potosí | T12: San Luis Potosí | U12: México | V12: Jalisco | W12: Puerto Vallarta | X12: =+N12 -> Programa "Almas en Libertad, con el DIF de la Capital" edición 2026 | Y12: 46161 | Z12: 46164 | AA12: 5 | AB12: =(594+522+441+270+117+111+45+101+280+1305.78+1024+343+58.5+777+470+450.1)/4 -> 1727.345 | AC12: 5929.35 | AD12: 46190 | AE12: http://www.cegaipslp.org.mx/HV2026.nsf/nombre_de_la_vista/F8BF04B680E3455706258E4B00776A2D/$File/M-93+06+MMT+INFORME.pdf | AF12: =+AA12 -> 5 | AG12: http://www.cegaipslp.org.mx/HV2025.nsf/nombre_de_la_vista/5039531BC3E5BA9806258D57006296EB/$File/GACETA++168+BASES+NORMATIVAS+24-27.pdf | AH12: Tesorería Municipal | AI12: 46240 | AJ12: Toda vez que se ha dado cumplimiento a los artículos 5, 6, 7, 11 fracciones I, II, VI, IX, XI y 13 fracciones I, II y III de la Ley General de Archivos; las versiones públicas de los archivos que corresponden a los meses de diciembre 2025 y enero 2026 estará disponibles para consulta en el mes de febrero 2026; lo anterior, derivado de la carga de trabajo generada por el cierre contable del ejercicio fiscal 2025. El importe de gastos no erogado, se observa en el hipervínculo de la Tabla 549576 en el recibo de entero (comprobante de la devolución y reembolsos del dinero al H. Ayuntamiento). El importe total erogado representa la cantidad ejercida por parte del funcionario, en la tabla 549575 se proporciona la cantidad total considerando titular del gasto y acompañantes
A13: 2026 | B13: 46204 | C13: 46234 | D13: Servidor[a] público[a] eventual | E13: 4061 | F13: ASESORA 'B' | G13: ASESOR 'B' | H13: DIRECCION DE CULTURA | I13: LUCIA | J13: DIAZ DE LEON | K13: OROPEZA | L13: Mujer | M13: Viáticos | N13: Asistir a la "Conferencia Anual de Ciudades de la Literatura de la UNESCO" | O13: Internacional | P13: 0 | Q13: =P13*AB13 -> 0 | R13: México | S13: San Luis Potosí | T13: San Luis Potosí | U13: Estonia | V13: Estonia | W13: Tartu | X13: =+N13 -> Asistir a la "Conferencia Anual de Ciudades de la Literatura de la UNESCO" | Y13: 46151 | Z13: 46157 | AA13: 6 | AB13: 90500 | AC13: 0 | AD13: 46174 | AE13: http://www.cegaipslp.org.mx/HV2026.nsf/nombre_de_la_vista/CA2CEEE4038CB41B06258E4B00777F9E/$File/M-95+06+LDLO+INFORME.pdf | AF13: =+AA13 -> 6 | AG13: http://www.cegaipslp.org.mx/HV2025.nsf/nombre_de_la_vista/5039531BC3E5BA9806258D57006296EB/$File/GACETA++168+BASES+NORMATIVAS+24-27.pdf | AH13: Tesorería Municipal | AI13: 46240 | AJ13: Toda vez que se ha dado cumplimiento a los artículos 5, 6, 7, 11 fracciones I, II, VI, IX, XI y 13 fracciones I, II y III de la Ley General de Archivos; las versiones públicas de los archivos que corresponden a los meses de diciembre 2025 y enero 2026 estará disponibles para consulta en el mes de febrero 2026; lo anterior, derivado de la carga de trabajo generada por el cierre contable del ejercicio fiscal 2025. El importe de gastos no erogado, se observa en el hipervínculo de la Tabla 549576 en el recibo de entero (comprobante de la devolución y reembolsos del dinero al H. Ayuntamiento). El importe total erogado representa la cantidad ejercida por parte del funcionario, en la tabla 549575 se proporciona la cantidad total considerando titular del gasto y acompañantes
A14: 2026 | B14: 46204 | C14: 46234 | D14: Funcionario [a] | E14: 4138 | F14: DIRECTOR 'A' | G14: DIRECTOR 'A' | H14: DIRECCION DE DEPORTE | I14: LUIS FERNANDO | J14: ALONSO | K14: MOLINA | L14: Hombre | M14: Viáticos | N14: Firma del convenio de colaboración con motivo de las actividades del Mundial 2026 | O14: Nacional | P14: 0 | Q14: =P14*AB14 -> 0 | R14: México | S14: San Luis Potosí | T14: San Luis Potosí | U14: Jalisco | V14: Guadalajara | W14: Guadalajara | X14: =+N14 -> Firma del convenio de colaboración con motivo de las actividades del Mundial 2026 | Y14: 46157 | Z14: 46158 | AA14: 7 | AB14: 11743.05 | AC14: 0 | AD14: 46190 | AE14: http://www.cegaipslp.org.mx/HV2026.nsf/nombre_de_la_vista/283BA9C28B41DCF206258E4B00779152/$File/M-102+06+LFAM+INFORME.pdf | AF14: =+AA14 -> 7 | AG14: http://www.cegaipslp.org.mx/HV2025.nsf/nombre_de_la_vista/5039531BC3E5BA9806258D57006296EB/$File/GACETA++168+BASES+NORMATIVAS+24-27.pdf | AH14: Tesorería Municipal | AI14: 46240 | AJ14: Toda vez que se ha dado cumplimiento a los artículos 5, 6, 7, 11 fracciones I, II, VI, IX, XI y 13 fracciones I, II y III de la Ley General de Archivos; las versiones públicas de los archivos que corresponden a los meses de diciembre 2025 y enero 2026 estará disponibles para consulta en el mes de febrero 2026; lo anterior, derivado de la carga de trabajo generada por el cierre contable del ejercicio fiscal 2025. El importe de gastos no erogado, se observa en el hipervínculo de la Tabla 549576 en el recibo de entero (comprobante de la devolución y reembolsos del dinero al H. Ayuntamiento). El importe total erogado representa la cantidad ejercida por parte del funcionario, en la tabla 549575 se proporciona la cantidad total considerando titular del gasto y acompañantes
A15: 2026 | B15: 46204 | C15: 46234 | D15: Servidor(a) público(a) | E15: 4138 | F15: DIRECTOR 'A' | G15: DIRECTOR 'A' | H15: OFICINA DE TESORERIA MUNICIPAL | I15: JAIME GABRIEL | J15: HERNANDEZ | K15: SEGOVIA | L15: Hombre | M15: Viáticos | N15: Reunión de trabajo en la Auditoría Superior de la Federación | O15: Nacional | P15: 0 | Q15: =P15*AB15 -> 0 | R15: México | S15: San Luis Potosí | T15: San Luis Potosí | U15: México | V15: CDMX | W15: Alcaldía Tlalpan | X15: =+N15 -> Reunión de trabajo en la Auditoría Superior de la Federación | Y15: 46185 | Z15: 46185 | AA15: 8 | AB15: 9390.92 | AC15: 0 | AD15: 46202 | AE15: http://www.cegaipslp.org.mx/HV2026.nsf/nombre_de_la_vista/89732F6CF921636706258E4B00779EAB/$File/M-103+06+JGHS+INFORME.pdf | AF15: =+AA15 -> 8 | AG15: http://www.cegaipslp.org.mx/HV2025.nsf/nombre_de_la_vista/5039531BC3E5BA9806258D57006296EB/$File/GACETA++168+BASES+NORMATIVAS+24-27.pdf | AH15: Tesorería Municipal | AI15: 46240 | AJ15: Toda vez que se ha dado cumplimiento a los artículos 5, 6, 7, 11 fracciones I, II, VI, IX, XI y 13 fracciones I, II y III de la Ley General de Archivos; las versiones públicas de los archivos que corresponden a los meses de diciembre 2025 y enero 2026 estará disponibles para consulta en el mes de febrero 2026; lo anterior, derivado de la carga de trabajo generada por el cierre contable del ejercicio fiscal 2025. El importe de gastos no erogado, se observa en el hipervínculo de la Tabla 549576 en el recibo de entero (comprobante de la devolución y reembolsos del dinero al H. Ayuntamiento). El importe total erogado representa la cantidad ejercida por parte del funcionario, en la tabla 549575 se proporciona la cantidad total considerando titular del gasto y acompañantes
A16: 2026 | B16: 46204 | C16: 46234 | D16: Servidor(a) público(a) | E16: 4119 | F16: JEFA DE DEPARTAMENTO 'C' | G16: JEFE DE DEPARTAMENTO 'C' | H16: DIR. DE AGUA POTABLE, ALCANTARILLADO Y SANEAMIENTO | I16: MARIA GUADALUPE | J16: URBINA | K16: ACEVEDO | L16: Mujer | M16: Viáticos | N16: Reunión de actividades de Cultura del Agua por parte de la Comisión Estatal del Agua | O16: Nacional | P16: 0 | Q16: 0 | R16: México | S16: San Luis Potosí | T16: San Luis Potosí | U16: México | V16: San Luis Potosí | W16: Rioverde | X16: =+N16 -> Reunión de actividades de Cultura del Agua por parte de la Comisión Estatal del Agua | Y16: 46051 | Z16: 46051 | AA16: 9 | AB16: 1312 | AC16: 688 | AD16: 46063 | AE16: http://www.cegaipslp.org.mx/HV2026.nsf/nombre_de_la_vista/4ACE4DF8956AA41906258E4B0077BC50/$File/M-27+02_compressed.pdf | AF16: =+AA16 -> 9 | AG16: http://www.cegaipslp.org.mx/HV2025.nsf/nombre_de_la_vista/5039531BC3E5BA9806258D57006296EB/$File/GACETA++168+BASES+NORMATIVAS+24-27.pdf | AH16: Tesorería Municipal | AI16: 46240 | AJ16: Toda vez que se ha dado cumplimiento a los artículos 5, 6, 7, 11 fracciones I, II, VI, IX, XI y 13 fracciones I, II y III de la Ley General de Archivos; las versiones públicas de los archivos que corresponden a los meses de diciembre 2025 y enero 2026 es
A17: 2026 | B17: 46204 | C17: 46234 | D17: Otro | E17: 12100 | F17: Servicios profesionales por honorarios asimilados a salarios | G17: Servicios profesionales por honorarios asimilados a salarios | H17: Servicios profesionales por honorarios asimilados a salarios | I17: FATIMA SUSETT | J17: RIVERA | K17: LOPEZ | L17: LOPEZ | M17: Viáticos | N17: Asistencia al Tianguis Turístico | O17: Nacional | P17: 0 | Q17: =P17*AB17 -> 0 | R17: México | S17: San Luis Potosí | T17: San Luis Potosí | U17: México | V17: Guerrero | W17: Acapulco | X17: =+N17 -> Asistencia al Tianguis Turístico | Y17: 46139 | Z17: 46142 | AA17: 10 | AB17: =1219+882 -> 2101 | AC17: 6899 | AD17: 46170 | AE17: http://www.cegaipslp.org.mx/HV2026.nsf/nombre_de_la_vista/3D7B7634D9F3133706258E4B0077D061/$File/M-116+05+FSRL+INFORME.pdf | AF17: =+AA17 -> 10 | AG17: http://www.cegaipslp.org.mx/HV2025.nsf/nombre_de_la_vista/5039531BC3E5BA9806258D57006296EB/$File/GACETA++168+BASES+NORMATIVAS+24-27.pdf | AH17: Tesorería Municipal | AI17: 46240 | AJ17: Toda vez que se ha dado cumplimiento a los artículos 5, 6, 7, 11 fracciones I, II, VI, IX, XI y 13 fracciones I, II y III de la Ley General de Archivos; las versiones públicas de los archivos que corresponden a los meses de diciembre 2025 y enero 2026 estará disponibles para consulta en el mes de febrero 2026; lo anterior, derivado de la carga de trabajo generada por el cierre contable del ejercicio fiscal 2025. El importe de gastos no erogado, se observa en el hipervínculo de la Tabla 549576 en el recibo de entero (comprobante de la devolución y reembolsos del dinero al H. Ayuntamiento). El importe total erogado representa la cantidad ejercida por parte del funcionario, en la tabla 549575 se proporciona la cantidad total considerando titular del gasto y acompañantes
A18: 2026 | B18: 46204 | C18: 46234 | D18: Funcionaria(o) | E18: 4137 | F18: DIRECTOR 'B' | G18: DIRECTOR 'B' | H18: DIRECCION DE LA UNIDAD DE GESTION DEL CENTRO HISTORICO | I18: JOSE DE JESUS | J18: BECERRA | K18: RODRIGUEZ | L18: Hombre | M18: Viáticos | N18: Asistencia a la Asamblea Ciudades Mexicanas Patrimonio Mundial A.C. | O18: Nacional | P18: 0 | Q18: =P18*AB18 -> 0 | R18: México | S18: San Luis Potosí | T18: San Luis Potosí | U18: México | V18: Querétaro | W18: San Juan del Rio | X18: =+N18 -> Asistencia a la Asamblea Ciudades Mexicanas Patrimonio Mundial A.C. | Y18: 46185 | Z18: 46185 | AA18: 11 | AB18: =970+1026+428.01+199.49+1779+108+64+200.33+300+40 -> 5114.83 | AC18: 85.17 | AD18: 46204 | AE18: http://www.cegaipslp.org.mx/HV2026.nsf/nombre_de_la_vista/BC66617704C7EA0D06258E4B007884E7/$File/M-01-07-INFORME.pdf | AF18: =+AA18 -> 11 | AG18: http://www.cegaipslp.org.mx/HV2025.nsf/nombre_de_la_vista/5039531BC3E5BA9806258D57006296EB/$File/GACETA++168+BASES+NORMATIVAS+24-27.pdf | AH18: Tesorería Municipal | AI18: 46240 | AJ18: Toda vez que se ha dado cumplimiento a los artículos 5, 6, 7, 11 fracciones I, II, VI, IX, XI y 13 fracciones I, II y III de la Ley General de Archivos; las versiones públicas de los archivos que corresponden a los meses de diciembre 2025 y enero 2026 estará disponibles para consulta en el mes de febrero 2026; lo anterior, derivado de la carga de trabajo generada por el cierre contable del ejercicio fiscal 2025. El importe de gastos no erogado, se observa en el hipervínculo de la Tabla 549576 en el recibo de entero (comprobante de la devolución y reembolsos del dinero al H. Ayuntamiento). El importe total erogado representa la cantidad ejercida por parte del funcionario, en la tabla 549575 se proporciona la cantidad total considerando titular del gasto y acompañantes

Sheet Hidden_1
A1: Funcionario [a]
A2: Servidor(a) público(a)
A3: Servidor[a] público[a] eventual
A4: Integrante
A5: Empleado [a]
A6: Representante popular
A7: Integrante del poder judicial
A8: Integrante de órgano autónomo
A9: Personal de confianza
A10: Prestador[a] de servicios profesionales
A11: Otro

Sheet Hidden_2
A1: Hombre
A2: Mujer

Sheet Hidden_3
A1: Viáticos
A2: Representación

Sheet Hidden_4
A1: Nacional
A2: Internacional

Sheet Tabla_549575
B1: 1 | C1: 2 | D1: 6
B2: 70067 | C2: 70068 | D2: 70069
A3: ID | B3: Clave de la partida de cada uno de los conceptos correspondientes | C3: Denominación de la partida de cada uno de los conceptos correspondientes | D3: Importe ejercido erogado por concepto de gastos de viáticos o gastos de representación
A4: =+'Reporte de Formatos'!AA8 -> 1 | B4: =IF('Reporte de Formatos'!O8="Nacional","375","376") -> 375 | C4: =IF('Reporte de Formatos'!O8="Nacional","Viáticos en el país","Viáticos en el extranjero") -> Viáticos en el país | D4: =+'Reporte de Formatos'!AB8+'Reporte de Formatos'!Q8 -> 5519.19
A5: =+'Reporte de Formatos'!AA9 -> 2 | B5: =IF('Reporte de Formatos'!O9="Nacional","375","376") -> 376 | C5: =IF('Reporte de Formatos'!O9="Nacional","Viáticos en el país","Viáticos en el extranjero") -> Viáticos en el extranjero | D5: =+'Reporte de Formatos'!AB9+'Reporte de Formatos'!Q9 -> 53057.52
A6: =+'Reporte de Formatos'!AA10 -> 3 | B6: =IF('Reporte de Formatos'!O10="Nacional","375","376") -> 375 | C6: =IF('Reporte de Formatos'!O10="Nacional","Viáticos en el país","Viáticos en el extranjero") -> Viáticos en el país | D6: =+'Reporte de Formatos'!AB10+'Reporte de Formatos'!Q10 -> 7323.81
A7: =+'Reporte de Formatos'!AA11 -> 4 | B7: =IF('Reporte de Formatos'!O11="Nacional","375","376") -> 375 | C7: =IF('Reporte de Formatos'!O11="Nacional","Viáticos en el país","Viáticos en el extranjero") -> Viáticos en el país | D7: =+'Reporte de Formatos'!AB11+'Reporte de Formatos'!Q11 -> 11714.99
A8: =+'Reporte de Formatos'!AA12 -> 5 | B8: =IF('Reporte de Formatos'!O12="Nacional","375","376") -> 375 | C8: =IF('Reporte de Formatos'!O12="Nacional","Viáticos en el país","Viáticos en el extranjero") -> Viáticos en el país | D8: =+'Reporte de Formatos'!AB12+'Reporte de Formatos'!Q12 -> 6909.38
A9: =+'Reporte de Formatos'!AA13 -> 6 | B9: =IF('Reporte de Formatos'!O13="Nacional","375","376") -> 376 | C9: =IF('Reporte de Formatos'!O13="Nacional","Viáticos en el país","Viáticos en el extranjero") -> Viáticos en el extranjero | D9: =+'Reporte de Formatos'!AB13+'Reporte de Formatos'!Q13 -> 90500
A10: =+'Reporte de Formatos'!AA14 -> 7 | B10: =IF('Reporte de Formatos'!O14="Nacional","375","376") -> 375 | C10: =IF('Reporte de Formatos'!O14="Nacional","Viáticos en el país","Viáticos en el extranjero") -> Viáticos en el país | D10: =+'Reporte de Formatos'!AB14+'Reporte de Formatos'!Q14 -> 11743.05
A11: =+'Reporte de Formatos'!AA15 -> 8 | B11: =IF('Reporte de Formatos'!O15="Nacional","375","376") -> 375 | C11: =IF('Reporte de Formatos'!O15="Nacional","Viáticos en el país","Viáticos en el extranjero") -> Viáticos en el país | D11: =+'Reporte de Formatos'!AB15+'Reporte de Formatos'!Q15 -> 9390.92
A12: =+'Reporte de Formatos'!AA16 -> 9 | B12: =IF('Reporte de Formatos'!O16="Nacional","375","376") -> 375 | C12: =IF('Reporte de Formatos'!O16="Nacional","Viáticos en el país","Viáticos en el extranjero") -> Viáticos en el país | D12: =+'Reporte de Formatos'!AB16+'Reporte de Formatos'!Q16 -> 1312
A13: =+'Reporte de Formatos'!AA17 -> 10 | B13: =IF('Reporte de Formatos'!O17="Nacional","375","376") -> 375 | C13: =IF('Reporte de Formatos'!O17="Nacional","Viáticos en el país","Viáticos en el extranjero") -> Viáticos en el país | D13: =+'Reporte de Formatos'!AB17+'Reporte de Formatos'!Q17 -> 2101
A14: =+'Reporte de Formatos'!AA18 -> 11 | B14: =IF('Reporte de Formatos'!O18="Nacional","375","376") -> 375 | C14: =IF('Reporte de Formatos'!O18="Nacional","Viáticos en el país","Viáticos en el extranjero") -> Viáticos en el país | D14: =+'Reporte de Formatos'!AB18+'Reporte de Formatos'!Q18 -> 5114.83

Sheet Tabla_549576
B1: 7
B2: 70070
A3: ID | B3: Hipervínculo a las facturas o comprobantes
A4: =+'Reporte de Formatos'!AF8 -> 1 | B4: http://www.cegaipslp.org.mx/HV2026.nsf/nombre_de_la_vista/98029AC2FCEA17B806258E4B0072E100/$File/M-14+06+EMA+FACTURAS_compressed.pdf
A5: =+'Reporte de Formatos'!AF9 -> 2 | B5: http://www.cegaipslp.org.mx/HV2026.nsf/nombre_de_la_vista/FCC84DF7C38E7F7406258E4B0073144E/$File/M-52+06+VMGE+FACTURAS_compressed.pdf
A6: =+'Reporte de Formatos'!AF10 -> 3 | B6: http://www.cegaipslp.org.mx/HV2026.nsf/nombre_de_la_vista/FD72BCE31D6659D706258E4B0073989A/$File/M-54+06+CLPA+FACTURAS_compressed.pdf
A7: =+'Reporte de Formatos'!AF11 -> 4 | B7: http://www.cegaipslp.org.mx/HV2026.nsf/nombre_de_la_vista/5C4231FD7EBF7E6C06258E4B0073BAAD/$File/M-59+06+CLPA+FACTURAS_compressed.pdf
A8: =+'Reporte de Formatos'!AF12 -> 5 | B8: http://www.cegaipslp.org.mx/HV2026.nsf/nombre_de_la_vista/02D815D935FE92A506258E4B0075C4F0/$File/M-93+06+MMT+FACTURAS_compressed.pdf
A9: =+'Reporte de Formatos'!AF13 -> 6 | B9: http://www.cegaipslp.org.mx/HV2026.nsf/nombre_de_la_vista/5CD89B0CD3509F2106258E4B0075DC6D/$File/M-95+06+LDLO+FACTURAS_compressed.pdf
A10: =+'Reporte de Formatos'!AF14 -> 7 | B10: http://www.cegaipslp.org.mx/HV2026.nsf/nombre_de_la_vista/D11A02E569953CA606258E4B00760D60/$File/M-102+06+LFAM+FACTURAS_compressed.pdf
A11: =+'Reporte de Formatos'!AF15 -> 8 | B11: http://www.cegaipslp.org.mx/HV2026.nsf/nombre_de_la_vista/F551B7F068B30FBD06258E4B007621D2/$File/M-103+06+JGHS+FACTURAS_compressed.pdf
A12: =+'Reporte de Formatos'!AF16 -> 9 | B12: http://www.cegaipslp.org.mx/HV2026.nsf/nombre_de_la_vista/A6B45E9563A1E31106258E4B00769F25/$File/M-27+02_COMPROBANTES.pdf
A13: =+'Reporte de Formatos'!AF17 -> 10 | B13: http://www.cegaipslp.org.mx/HV2026.nsf/nombre_de_la_vista/85AA641A95160D1506258E4B0076B4D8/$File/M-116+05+FSRL+FACTURAS.pdf
A14: =+'Reporte de Formatos'!AF18 -> 11 | B14: http://www.cegaipslp.org.mx/HV2026.nsf/nombre_de_la_vista/A52B7C333196761E06258E4B00789DBC/$File/M-01-07-FACTURAS.pdf
